 Dungeon Crawl Stone Soup version 0.21.1-1-g345015fe64 (webtiles) character file.

37200 Henning the Peltast (level 13, -21/117 HPs)
             Began as a Minotaur Fighter on June 20, 2018.
             Was a High Priest of Trog.
             Killed from afar by a tengu reaver (38 damage)
             ... with a bolt of lightning
             ... on level 1 of the Depths.
             The game lasted 00:42:34 (12862 turns).

Henning the Peltast (Minotaur Fighter)             Turns: 12862, Time: 00:42:35

Health: -21/117    AC: 21    Str: 28    XL:     13   Next: 57%
Magic:  12/12      EV: 10    Int:  5    God:    Trog [*****.]
Gold:   1337       SH: 20    Dex: 17    Spells: 12/12 levels left

rFire    . . .     SeeInvis .   a - +3 war axe (elec)
rCold    + . .     Gourm    .   K - +2 shield {rC+}
rNeg     . . .     Faith    .   e - +0 plate armour
rPois    .         Spirit   .   w - +1 hat {MR+}
rElec    .         Reflect  +   (no cloak)
rCorr    .         Harm     .   h - +2 pair of gloves
MR       +....                  l - +0 pair of boots
Stlth    ..........             q - +3 amulet of reflection
HPRegen  0.29/turn              r - +5 ring of strength
MPRegen  0.13/turn              N - +2 ring of slaying

@: berserk cooldown, fainting, hasted and slowed
A: retaliatory headbutt, horns 2, thin skeletal structure 1, strong 1
a: Berserk, Trog's Hand, Brothers in Arms, Burn Spellbooks, Renounce Religion


You were on level 1 of the Depths.
You worshipped Trog.
Trog was extremely pleased with you.
You were fainting.

You visited 3 branches of the dungeon, and saw 17 of its levels.
You also visited: Ossuary.

You collected 1337 gold pieces.

Inventory:

Hand Weapons
 a - a +3 war axe of electrocution (weapon)
Armour
 e - a +0 plate armour (worn)
 h - a +2 pair of gloves (worn)
 l - a +0 pair of boots (worn)
 w - a +1 hat of magic resistance (worn)
 K - a +2 shield of cold resistance (worn)
Jewellery
 g - an uncursed ring of stealth
 q - a +3 amulet of reflection (around neck)
 r - a +5 ring of strength (left hand)
 s - an uncursed ring of protection from cold
 t - an uncursed ring of positive energy
 u - a +1 ring of slaying
 A - an uncursed amulet of the gourmand
 N - a +2 ring of slaying (right hand)
Wands
 c - a wand of iceblast (7)
 y - a wand of scattershot (5)
 D - a wand of paralysis (11)
 G - a wand of disintegration (10)
 H - a wand of polymorph (11)
 I - a wand of flame (20)
 J - a wand of acid (9)
Scrolls
 i - a scroll of identify
 m - 8 scrolls of teleportation
 z - 5 scrolls of blinking
 B - 2 scrolls of fear
 C - 3 scrolls of fog
 F - 8 scrolls of remove curse
Potions
 b - a potion of mutation
 d - 2 potions of might
 j - 2 potions of magic
 k - 4 potions of flight
 n - 6 potions of brilliance
 o - 3 potions of ambrosia
 p - 3 potions of curing
 v - 8 potions of heal wounds
 x - 3 potions of agility
 E - 5 potions of invisibility
 M - a potion of haste
Comestibles
 f - 29 rations


   Skills:
 + Level 11.9 Fighting
 + Level 15.3 Axes
 + Level 12.0 Armour
 * Level 4.5 Dodging
 + Level 15.5 Shields


You had 12 spell levels left.
You didn't know any spells.

Dungeon Overview and Level Annotations

Branches:
Dungeon (15/15)            Temple (1/1) D:5            Lair (0/6) D:11
    Orc (0/2) D:12         Vaults (0/5) D:13         Depths (1/5) D:15

Altars:
Ashenzari
Cheibriados
Dithmenos
Elyvilon
Fedhas
Gozag
Hepliaklqana
Kikubaaqudgha
Makhleb
Nemelex Xobeh
Okawaru
Qazlal
Ru
Sif Muna
Trog
Uskayaw
Vehumet
Wu Jian
Xom
Yredelemnul
Zin
The Shining One

Shops:
D:4 }   D:7 }*   D:10 %%}!=   D:12 *


Innate Abilities, Weirdness & Mutations

You reflexively headbutt those who attack you in melee.
You have a pair of horns on your head.
You have a somewhat thin skeletal structure. (Dex +2, Stealth)
Your muscles are strong. (Str +2)


Message History

A stone giant comes into view.
The stone giant shouts!
The stone giant throws a large rock.
The large rock hits you!
* * * LOW HITPOINT WARNING * * *
You see here a large rock.
The tengu reaver gestures at you while chanting.
The bolt of lightning hits you!
* * * LOW HITPOINT WARNING * * *
The battlesphere fires!
The barrage of energy hits you!
The stone giant throws a large rock.
You reflect the large rock off an invisible shield around you!
The large rock hits the stone giant!!
You hear some strange, mumbled words.
You block the stone giant's attack.
You see here 26 gold pieces.
You block the stone giant's attack. You block the stone giant's attack.
The tengu reaver points at you and mumbles some strange words.
The bolt of lightning hits you!
You die...

#...........ZZ..#
#....#######u...#
#....#.....#uZ..#####
#....#.....#Z.u......
#....###'###.........
####....#.....#.Q..*....
........#.....#..C......
........#.....#....#####
..(.....'.....#.@..#
........#.....#....#
........#.....#....#
..#+#####.....#....#
..#....+......#....#
..#....##.....#....#
..#....########....#
###...........#....#
..............#....#


You could see a stone giant, a tengu reaver, 3 ugly things, a battlesphere, a
fire giant skeleton and a tengu reaver skeleton.

Vanquished Creatures
  An ettin (Depths:1)
  An ice dragon (D:15)
  A fire dragon (D:15)
  A hydra (D:12)
  A vault guard (D:13)
  A catoblepas (D:12)
  6 two-headed ogres
  A centaur warrior (D:13)
  A tengu warrior (D:15)
  4 unseen horrors
  A lindwurm (shapeshifter) (D:15)
  4 cyclopes
  A wolf spider zombie (D:15)
  15 ugly things
  A manticore (D:15)
  A black mamba (shapeshifter) (Depths:1)
  A centaur skeleton (D:13)
  A kobold demonologist (D:13)
  2 trolls
  A tengu conjurer (D:15)
  A polar bear (shapeshifter) (D:13)
  A wolf spider simulacrum (D:13)
  A hornet (D:12)
  2 hippogriffs
  2 shadows (D:14)
  A vampire (D:8)
  15 yaks
  A spriggan (D:9)
  A water elemental (D:13)
  A wraith (D:14)
  Grum (D:8)
  A hungry ghost (D:10)
  10 vampire mosquitoes
  A soldier ant (D:12)
  2 porcupines (D:11)
  2 water moccasins
  Duvessa (D:5)
  6 ice beasts
  4 black bears (D:11)
  8 orc warriors
  6 phantoms
  A necrophage (D:14)
  7 sky beasts
  An eye of draining (D:10)
  The ghost of Artool the Skirmisher, an amateur DsAK of Lugonu (D:4)
  5 wolves
  13 centaurs
  4 ogres
  4 crocodiles
  2 elf zombies (Ossuary)
  11 bullfrogs
  Dowan (D:5)
  4 scorpions
  A wyvern skeleton (D:14)
  6 wights
  An electric eel (D:13)
  2 bullfrog zombies
  6 howler monkeys
  8 crimson imps
  2 quasits
  A centaur zombie (D:6)
  2 jellies
  7 hounds
  5 orc priests
  9 orc wizards
  A bullfrog skeleton (D:8)
  4 iguanas
  11 worker ants
  2 bullfrog simulacra (D:13)
  2 hound zombies (Ossuary)
  4 mummies (Ossuary)
  A worker ant zombie (D:5)
  2 howler monkey zombies
  7 adders
  A howler monkey skeleton (D:6)
  3 shadow imps
  2 white imps (D:13)
  2 ufetubi (D:13)
  An ooze (D:1)
  An adder zombie (Ossuary)
  4 worms
  8 leopard geckos
  44 orcs
  3 ball pythons
  7 giant cockroaches
  4 hobgoblins
  4 kobolds (D:1)
  2 quokkas
  2 bats
  5 frilled lizards
  A gnoll zombie (Ossuary)
  9 goblins
  2 goblin zombies (Ossuary)
  A hobgoblin zombie (Ossuary)
  A kobold zombie (Ossuary)
  An orc zombie (Ossuary)
  9 rats
  A rat zombie (Ossuary)
  6 fungi (D:11)
  2 plants (D:11)
378 creatures vanquished.

Vanquished Creatures (others)
  A centaur warrior (Depths:1)
  A cyclops (D:14)
  3 centaurs
  13 fungi (D:11)
  3 plants (D:11)
21 creatures vanquished.

Grand Total: 399 creatures vanquished

Notes
Turn   | Place    | Note
-------+----------+-------------------------------------------
     0 | D:1      | Henning the Minotaur Fighter began the quest for the Orb.
     0 | D:1      | Reached XP level 1. HP: 19/19 MP: 0/0
    76 | D:1      | Reached XP level 2. HP: 26/27 MP: 1/1
   480 | D:1      | Reached XP level 3. HP: 33/33 MP: 2/2
  1154 | D:3      | Found a faded altar of an unknown god.
  1167 | D:3      | Reached XP level 4. HP: 40/40 MP: 3/3
  1772 | D:4      | Reached XP level 5. HP: 47/47 MP: 4/4
  1792 | D:4      | Reached skill level 5 in Shields
  2069 | D:4      | Noticed Artool's ghost (amateur DsAK)
  2083 | D:4      | Reached XP level 6. HP: 34/55 MP: 5/5
  2255 | D:4      | Killed Artool's ghost
  2255 | D:4      | Reached skill level 5 in Axes
  2448 | D:4      | Found Duumuik's Gadget Shoppe.
  2552 | D:5      | Entered Level 5 of the Dungeon
  2557 | D:5      | Reached skill level 5 in Fighting
  2612 | D:5      | Reached skill level 5 in Armour
  2625 | D:5      | Noticed Dowan
  2632 | D:5      | Noticed Duvessa
  2658 | D:5      | Killed Duvessa
  2658 | D:5      | Reached XP level 7. HP: 60/61 MP: 6/6
  2660 | D:5      | Killed Dowan
  2676 | D:5      | Gained mutation: Your muscles are strong. (Str +2) [potion of mutation]
  2676 | D:5      | Gained mutation: You have a somewhat thin skeletal structure. (Dex +2, Stealth) [potion of mutation]
  2801 | D:5      | Found a staircase to the Ecumenical Temple.
  2824 | Temple   | Entered the Ecumenical Temple
  2851 | Temple   | Became a worshipper of Trog the Wrathful
  3306 | D:5      | Reached XP level 8. HP: 57/70 MP: 7/7
  3544 | D:7      | Found Vichigewn's Assorted Antiques.
  4279 | D:7      | Found Poigg's Gadget Shoppe.
  4571 | D:7      | Reached XP level 9. HP: 40/78 MP: 8/8
  5295 | D:8      | Noticed Grum
  5307 | D:8      | Found a glowing golden altar of the Shining One.
  5312 | D:8      | Killed Grum
  5339 | D:8      | Noticed a two-headed ogre
  5342 | D:8      | Noticed a two-headed ogre
  5348 | D:8      | Killed a two-headed ogre
  5348 | D:8      | Reached skill level 10 in Shields
  5410 | D:8      | Reached * piety under Trog
  5414 | D:8      | Killed a two-headed ogre
  5414 | D:8      | Reached skill level 10 in Axes
  5414 | D:8      | Reached XP level 10. HP: 12/88 MP: 9/9
  5431 | D:8      | HP: 2/88 [vampire/vampiric draining (11)]
  5719 | D:8      | Found a sand-covered staircase.
  5724 | Ossuary  | Entered an ossuary
  5833 | Ossuary  | Reached ** piety under Trog
  6931 | D:10     | Entered Level 10 of the Dungeon
  6964 | D:10     | Noticed a two-headed ogre
  6964 | D:10     | Noticed a two-headed ogre
  6978 | D:10     | Killed a two-headed ogre
  6990 | D:10     | Killed a two-headed ogre
  7461 | D:10     | Found Hinaun's Jewellery Shoppe.
  7505 | D:10     | Found Pioc's Food Boutique.
  7538 | D:10     | Reached XP level 11. HP: 92/97 MP: 10/10
  7591 | D:10     | Found Zahaucs's Gadget Boutique.
  7624 | D:10     | Killed an unseen horror
  7642 | D:10     | Found Dahate's Food Boutique.
  7674 | D:10     | Found an iron altar of Okawaru.
  7730 | D:10     | Found Xyxizimupp's Distillery.
  7873 | D:11     | Reached *** piety under Trog
  7920 | D:11     | Found a staircase to the Lair.
  7951 | D:11     | Noticed a white ugly thing
  7961 | D:11     | Killed a white ugly thing
  8136 | D:11     | Killed an unseen horror
  8476 | D:12     | Reached skill level 10 in Armour
  8493 | D:12     | Found Zaiq's Assorted Antiques.
  8501 | D:12     | Found a staircase to the Orcish Mines.
  8529 | D:12     | Killed an unseen horror
  8529 | D:12     | Reached skill level 10 in Fighting
  8545 | D:12     | Noticed a white ugly thing
  8553 | D:12     | Killed a white ugly thing
  8614 | D:12     | Paralysed by a hornet for 2 turns
  8631 | D:12     | Reached **** piety under Trog
  8849 | D:12     | Identified a scroll of acquirement
  8889 | D:12     | Noticed a six-headed hydra
  8897 | D:12     | Killed a 12-headed hydra
  8897 | D:12     | Reached XP level 12. HP: 83/106 MP: 11/11
  9345 | D:13     | Noticed a vault guard
  9345 | D:13     | Noticed a catoblepas
  9349 | D:13     | Noticed a two-headed ogre
  9397 | D:12     | Killed a catoblepas
  9420 | D:13     | Killed a two-headed ogre
  9434 | D:13     | Killed a vault guard
  9671 | D:13     | Noticed a centaur warrior
  9683 | D:13     | Killed a centaur warrior
 10265 | D:13     | Reached ***** piety under Trog
 10346 | D:13     | Found a gate to the Vaults.
 10818 | D:14     | Noticed a two-headed ogre
 10824 | D:14     | Killed a two-headed ogre
 10824 | D:14     | Received a gift from Trog
 11278 | D:14     | Reached skill level 15 in Shields
 11280 | D:14     | Reached XP level 13. HP: 102/116 MP: 12/12
 11714 | D:15     | Entered Level 15 of the Dungeon
 11726 | D:15     | Reached skill level 15 in Axes
 11852 | D:15     | Reached skill level 1 in Dodging
 12351 | D:15     | Noticed a fire dragon
 12368 | D:15     | Killed a fire dragon
 12371 | D:15     | Found a staircase to the Depths.
 12675 | Depths:1 | Entered Level 1 of the Depths
 12678 | Depths:1 | Noticed an ettin
 12690 | Depths:1 | Killed an ettin
 12816 | Depths:1 | Noticed a tengu reaver
 12843 | Depths:1 | HP: 7/175 [tengu reaver/war axe (9)]
 12855 | Depths:1 | Noticed a stone giant
 12862 | Depths:1 | Killed from afar by a tengu reaver

Skill      XL: |  1  2  3  4  5  6  7  8  9 10 11 12 13 |
---------------+----------------------------------------+-----
Fighting       | 4 5 6 8 9 10 11 | 11.9
Armour         | 4 5 6 8 9 10 11 12 | 12.0
Shields        | 4 5 6 7 8 10 12 13 15 | 15.5
Axes           | 3 4 5 6 8 10 11 13 14 15 | 15.3
Dodging        | 4 |  4.5

Action                   |  1- 3 |  4- 6 |  7- 9 | 10-12 | 13-15 || total
-------------------------+-------+-------+-------+-------+-------++-------
Melee: War axe           |   123 |   137 |   233 |   599 |   135 ||  1227
       Headbutt          |    16 |    24 |    65 |   169 |    47 ||   321
Invok: Burn Spellbooks   |       |       |       |     2 |       ||     2
       Berserk           |       |       |       |     1 |     3 ||     4
       Trog's Hand       |       |       |       |       |     2 ||     2
  Use: Scroll            |       |     5 |    12 |     9 |     3 ||    29
       Potion            |       |       |     1 |       |     3 ||     4
 Stab: Distracted        |       |       |       |       |     1 ||     1
  Eat: Chunk             |     1 |     5 |     9 |    21 |     6 ||    42
Armor: Plate armour      |    62 |    88 |    95 |   204 |    50 ||   499
Dodge: Dodged            |    14 |    17 |    32 |    89 |    23 ||   175
Block: Shield            |    60 |   123 |   174 |   417 |   111 ||   885
       Reflection        |       |       |    12 |    12 |    17 ||    41
